 Dungeon Crawl Stone Soup version 0.20.1-1-g8b1a95d (webtiles) character file.

113 tidbits the Skirmisher (level 4, -1/40 HPs)
             Began as a Demigod Wanderer on Aug 24, 2017.
             Killed from afar by Natasha (6 damage)
             ... with a magic dart
             ... on level 2 of the Dungeon.
             The game lasted 00:08:38 (828 turns).

tidbits the Skirmisher (Demigod Wanderer)            Turns: 828, Time: 00:08:39

Health: -1/40      AC:  5    Str: 13    XL:     4   Next: 39%
Magic:  7/7        EV: 11    Int: 18    God:
Gold:   74         SH:  0    Dex: 19    Spells: 3/3 levels left

rFire    . . .     SeeInvis .   c - +0 trident
rCold    . . .     Gourm    .   (no shield)
rNeg     . . .     Faith    .   B - +0 ring mail
rPois    .         Spirit   .   (no helmet)
rElec    .         Reflect  .   (no cloak)
rCorr    .         Harm     .   (no gloves)
MR       .....                  (no boots)
Stlth    ++........             (no amulet)
Regen    0.2/turn               (no ring)
MPRegen  0.1/turn               (no ring)

@: no status effects
A: thin skeletal structure 1, high mp 1, subdued magic 1
a: no special abilities


You were on level 2 of the Dungeon.
You were not hungry.

You visited 1 branch of the dungeon, and saw 3 of its levels.

You collected 74 gold pieces.

Inventory:

Hand Weapons
 a - a +0 spear
 b - a +3 blowgun
 c - a +0 trident (weapon)
 f - a +0 dagger
 i - a +0 short sword
 j - a +0 whip
Missiles
 k - 11 stones (quivered)
 q - 21 sling bullets
Armour
 e - a +0 robe
 r - a +0 leather armour
 B - a +0 ring mail (worn)
Scrolls
 h - 2 scrolls of enchant weapon
 m - 2 scrolls of teleportation {unknown}
 s - a scroll of enchant armour {unknown}
Potions
 d - a potion of lignification
Comestibles
 g - 2 bread rations
 o - 3 fruits
 p - 5 chunks of flesh
 u - a royal jelly


   Skills:
 + Level 4.0 Fighting
   Level 2.6 Staves
 - Level 1.0 Throwing
 - Level 2.0 Dodging
 - Level 1.7 Stealth
   Level 1.0 Evocations


You had 3 spell levels left.
You didn't know any spells.

Dungeon Overview and Level Annotations

Branches:
Dungeon (3/15)

Annotations:
D:2 Natasha, Robin


Innate Abilities, Weirdness & Mutations

You have an increased reservoir of magic. (+10% MP)
You have a somewhat thin skeletal structure. (Dex +2, Stealth)
Your spells are a little easier to cast, but a little less powerful.


Message History

r - Retreat! s - Stop attacking. g - Guard the area. f - Follow me.
Anything else - Cancel.
You shout for attention!
You climb downwards.
Found a ring mail and a club.
There is a stone staircase leading up here.
You climb upwards.
Level annotation: Robin
There is a stone staircase leading down here.
What are your orders? t - Shout!
Orders for allies: a - Attack new target. r - Retreat! s - Stop attacking. g - Guard the area. f - Follow me.
Anything else - Cancel.
You shout for attention!
Natasha, Servant of Life and Death comes into view.
Natasha hisses angrily.
Natasha drinks a potion.
Natasha suddenly seems more agile.
Wield which item (- for none, * to show all)? (? for menu, Esc to quit)
b - a +3 blowgun (weapon)
Firing (i - inventory. (,) - cycle):
t - a curare-tipped needle (quivered)
Press: ? - help, Shift-Dir - straight line, f - Natasha
Aim: Natasha (unusually agile)
You shoot a curare-tipped needle.
The curare-tipped needle barely misses Natasha.
Natasha stares at you and mumbles some strange words.
The magic dart hits you!
Wield which item (- for none, * to show all)? (? for menu, Esc to quit)
a - a +0 spear (weapon)
Natasha growls.
Throwing (i - inventory. (,) - cycle):
l - 6 poisoned javelins (quivered)
Press: ? - help, Shift-Dir - straight line, f/p - Natasha
Aim: Natasha (unusually agile)
You throw a poisoned javelin. The poisoned javelin misses Natasha.
Natasha casts a spell.
Throwing (i - inventory. (,) - cycle):
l - 5 poisoned javelins (quivered)
Press: ? - help, Shift-Dir - straight line, f/p - Natasha
Aim: Natasha (unusually agile)
You throw a poisoned javelin.
The poisoned javelin barely misses Natasha.
Natasha stares at you and mumbles some strange words.
The magic dart hits you!
Throwing (i - inventory. (,) - cycle):
l - 4 poisoned javelins (quivered)
Press: ? - help, Shift-Dir - straight line, f/p - Natasha
Aim: Natasha (unusually agile)
You throw a poisoned javelin.
The poisoned javelin barely misses Natasha.
Natasha claws you but does no damage. The crimson imp hits you.
Natasha claws you.
Throwing (i - inventory. (,) - cycle):
l - 3 poisoned javelins (quivered)
Press: ? - help, Shift-Dir - straight line, f/p - Natasha
Aim: Natasha (unusually agile)
You throw a poisoned javelin.
The poisoned javelin barely misses Natasha.
The crimson imp hits you but does no damage.
Natasha closely misses you.
The crimson imp hits you but does no damage.
Throwing (i - inventory. (,) - cycle):
l - 2 poisoned javelins (quivered)
Press: ? - help, Shift-Dir - straight line, f/p - Natasha
Aim: Natasha (unusually agile)
You throw a poisoned javelin.
The poisoned javelin closely misses Natasha.
Natasha claws you. The crimson imp barely misses you.
Natasha wildly gestures.
Natasha's front paws start to glow.
Natasha claws you.
* * * LOW HITPOINT WARNING * * *
Throwing (i - inventory. (,) - cycle):
l - a poisoned javelin (quivered)
Press: ? - help, Shift-Dir - straight line, f/p - Natasha
Aim: Natasha (unusually agile)
You throw a poisoned javelin.
The poisoned javelin hits Natasha but does no damage.
Natasha is poisoned.
The crimson imp barely misses you. Natasha claws you but does no damage.
The crimson imp grinds its teeth.
The crimson imp hits you.
* * * LOW HITPOINT WARNING * * *
Wield which item (- for none, * to show all)? (? for menu, Esc to quit)
Okay, then.
Wield which item (- for none, * to show all)? (? for menu, Esc to quit)
c - a +0 trident (weapon)
Natasha claws you but does no damage.
You closely miss Natasha.
Natasha is moderately wounded.
The crimson imp disappears in a puff of smoke!
Natasha casts a spell at you. The magic dart hits you!
* * * LOW HITPOINT WARNING * * *
You miss Natasha.
Natasha is moderately wounded.
Natasha claws you!
* * * LOW HITPOINT WARNING * * *
It was a potion of mutation.
You feel extremely strange.
Your connection to magic feels subdued.
Your bones become slightly less dense.
Natasha casts a spell at you. The magic dart hits you!
You die...

..........l...#
.....########.# ...
#.### #.#h# #..>.
#.#.# ##..## #.#.#
##...# #.#.# ##....#
#.####.#(# ##.....##
#...@h((.####........
######...........<.##
#..#######...## #..#
##..#
##..########..###
#.........)......
#...######.##)##.
#...# #.##.# . #...#
#.##.##.


You could see Natasha.

Vanquished Creatures
  Terence (D:2)
  Natasha (D:2)
  2 adders (D:2)
  An ooze (D:1)
  3 dart slugs (D:2)
  2 leopard geckos
  2 giant cockroaches (D:1)
  5 goblins
  2 hobgoblins
  3 jackals (D:2)
  2 bats (D:2)
  2 frilled lizards
  6 kobolds
  4 rats
36 creatures vanquished.

Notes
Turn   | Place    | Note
-------+----------+-------------------------------------------
     0 | D:1      | tidbits the Demigod Wanderer began the quest for the Orb.
     0 | D:1      | tidbits set off with: a curare-tipped needle, a +2 blowgun, a +0 spear, a potion of lignification, a +0 robe, a +0 dagger, a bread ration
     0 | D:1      | Reached XP level 1. HP: 17/17 MP: 3/3
    49 | D:1      | Reached skill level 2 in Fighting
   162 | D:2      | Noticed Robin
   208 | D:1      | Reached XP level 2. HP: 20/25 MP: 5/5
   305 | D:2      | Reached skill level 3 in Fighting
   314 | D:2      | Found a shimmering altar of Xom.
   421 | D:2      | Reached XP level 3. HP: 31/31 MP: 6/6
   549 | D:2      | Noticed Natasha
   553 | D:2      | Killed Natasha
   553 | D:2      | Reached skill level 2 in Dodging
   579 | D:2      | Found a blossoming altar of Fedhas.
   691 | D:2      | Noticed Terence
   698 | D:2      | Killed Terence
   698 | D:2      | Reached XP level 4. HP: 40/40 MP: 7/7
   764 | D:2      | Reached skill level 4 in Fighting
   811 | D:2      | Noticed Natasha
   828 | D:2      | Gained mutation: Your spells are a little easier to cast, but a little less powerful. [potion of mutation]
   828 | D:2      | Gained mutation: You have a somewhat thin skeletal structure. (Dex +2, Stealth) [potion of mutation]
   828 | D:2      | Killed from afar by Natasha

Skill      XL: |  1  2  3  4 |
---------------+-------------+-----
Fighting       | 2 3 4 |  4.0
Dodging        | 2 |  2.0
Staves         | |  2.6
Throwing       | |  1.0
Stealth        | |  1.7
Evocations     | |  1.0

Action                   |  1- 3 |  4- 6 || total
-------------------------+-------+-------++-------
Melee: Spear             |    75 |       ||    75
       Trident           |       |    13 ||    13
 Fire: Blowgun           |     1 |     1 ||     2
Throw: Javelin           |    11 |     7 ||    18
       Stone             |     1 |       ||     1
  Use: Scroll            |     1 |       ||     1
       Potion            |       |     1 ||     1
 Stab: Sleeping          |     3 |       ||     3
Armor: Robe              |     8 |       ||     8
       Ring mail         |     1 |     6 ||     7
Dodge: Dodged            |    42 |     7 ||    49

Table legend:
 A = Turns spent in this place as a percentage of turns spent in the entire game.
 B = Non-inter-level travel turns spent in this place as a percentage of non-inter-level travel turns spent in the entire game.
 C = Inter-level travel turns spent in this place as a percentage of turns spent in this place.
 D = Turns resting spent in this place as a percentage of non-inter-level travel turns spent in this place.
 E = Turns spent auto-exploring this place as a percentage of non-inter-level travel turns spent in this place.
 F = Non-inter-level travel turns spent in this place divided by the number of levels of this place that you've seen.
                   A       B       C       D       E      F
               +-------+-------+-------+-------+-------+----------------------
         Total | 100.0 | 100.0 |   0.0 |   0.0 |   0.0 | 267.3
       Dungeon | 100.0 | 100.0 |   0.0 |   0.0 |   0.0 | 267.3
               +-------+-------+-------+-------+-------+----------------------

Table legend:
 A = Kills in this place as a percentage of kills in entire the game.
 B = Kills by you in this place as a percentage of kills by you in the entire game.
 C = Kills by friends in this place as a percentage of kills by friends in the entire game.
 D = Other kills in this place as a percentage of other kills in the entire game.
 E = Experience gained in this place as a percentage of experience gained in the entire game.
 F = Experience gained in this place divided by the number of levels of this place that you have seen.
                   A       B       C       D       E      F
               +-------+-------+-------+-------+-------+----------------------
         Total | 100.0 | 100.0 |  -nan |  -nan | 100.0 |  54.0
       Dungeon | 100.0 | 100.0 |  -nan |  -nan | 100.0 |  54.0
               +-------+-------+-------+-------+-------+----------------------

Vault maps used:
D:1:      erik_arrival_cave_to_civilisation
D:2:      lemuel_crystal_altar, lemuel_coloured_pillars_altar, first_bread,
          minmay_misc_feat_ornament, uniq_robin, uniq_terence, uniq_natasha
D:3:      makhleb_heckhound_becter
